 Dungeon Crawl Stone Soup version 0.19-a0-816-geccf914 (webtiles) character file.

179 MrRokkomies the Grave Robber (level 5, 0/40 HPs)
             Began as a Vampire Necromancer on June 29, 2016.
             Was an Initiate of Ashenzari.
             Succumbed to Robin's poison
             ... on level 3 of the Dungeon.
             The game lasted 00:09:13 (4025 turns).

MrRokkomies the Grave Robber (Vampire Necromancer)  Turns: 4025, Time: 00:09:14

Health: 0/40       AC:  6    Str:  7    XL:     5   Next: 33%
Magic:  1/8        EV: 13    Int: 18    God:    Ashenzari [......]
Gold:   120        SH:  0    Dex: 15    Spells: 3 memorised, 3 levels left

rFire  . . .     SeeInvis +     a - +0 short sword
rCold  + . .     Gourm    .     f - +0 robe
rNeg   + + .     Faith    .     (no shield)
rPois  +         Spirit   .     j - +0 helmet
rElec  .         Dismiss  .     (no cloak)
rCorr  .         Reflect  .     d - +1 pair of gloves (curse)
SustAt .         Harm     .     c - +0 pair of boots
MR     .....                    (no amulet)
Stlth  +++.......               (no ring)
                                (no ring)

@: lethally poisoned (0 -> -21), very slightly contaminated, regenerating
slowly, not resistant to hostile enchantments, fairly stealthy
A: fangs 3, see invisible, unbreathing
a: Bat Form, Curse Item, Renounce Religion


You were on level 3 of the Dungeon.
You worshipped Ashenzari.
Ashenzari was noncommittal.
You were thirsty.

You visited 1 branch of the dungeon, and saw 3 of its levels.

You collected 120 gold pieces.

Inventory:

Hand Weapons
 a - a +0 short sword (weapon)
Armour
 c - a +0 pair of boots (worn)
 d - a cursed +1 pair of gloves (worn)
 f - a +0 robe (worn)
 j - a +0 helmet (worn)
Books
 b - a book of Necromancy

   Spells                             Type                      Level
   a - Pain                           Necromancy                   1
   b - Animate Skeleton               Necromancy                   1
   c - Vampiric Draining              Necromancy                   3
   d - Regeneration                   Charms/Necromancy            3
   e - Animate Dead                   Necromancy                   4
   f - Control Undead                 Necromancy                   4


   Skills:
 * Level 2.9 Fighting
 - Level 2.1 Dodging
 - Level 3.0 Stealth
 - Level 2.0 Spellcasting
 * Level 6.2 Necromancy


You had 3 spell levels left.
You knew the following spells:

 Your Spells              Type           Power        Failure   Level  Hunger
a - Pain                  Necr           ###.         1%          1    #......
b - Animate Skeleton      Necr           N/A          1%          1    #......
c - Vampiric Draining     Necr           ###.......   4%          3    ###....


Dungeon Overview and Level Annotations

Branches:
Dungeon (3/15)

Altars:
Ashenzari

Annotations:
D:2 Natasha
D:3 Robin


Innate Abilities, Weirdness & Mutations

You heal slowly.
You have razor-sharp teeth.
You have supernaturally acute eyesight. (SInv)
You can survive without breathing.


Message History

The quokka bites you.
* * * LOW HITPOINT WARNING * * *
The hobgoblin completely misses you.
Robin hits you from afar with a spear of venom!
* * * LOW HITPOINT WARNING * * *
You are more poisoned.
The quokka barely misses you.
You barely miss the hobgoblin.
* * * LOW HITPOINT WARNING * * *
You feel sick.
The quokka bites you but does no damage.
The hobgoblin hits you but does no damage.
Robin closely misses you.
Okay, then.
Unknown command.
Unknown command.
You aren't carrying any potions.
You hit the hobgoblin.
The hobgoblin is heavily wounded.
You die...

# .# ..# ...#
##########$...#
#......r@g....#
......g###...[#
....... ...#
....... ....
#...... ...
#...... ##
#...... #######


You could see Robin, a quokka and a hobgoblin.

Vanquished Creatures
  Natasha (twice) (D:2)
  Ijyb (D:2)
  4 adders
  3 worms (D:2)
  2 dart slugs (D:1)
  8 bats
  3 giant cockroaches (D:1)
  7 hobgoblins
  5 jackals
  3 giant newts
  7 goblins
  7 kobolds
  8 rats (D:1)
60 creatures vanquished.

Vanquished Creatures (collateral kills)
  A dart slug (D:2)
  2 hobgoblins (D:2)
3 creatures vanquished.

Grand Total: 63 creatures vanquished

Notes
Turn   | Place    | Note
--------------------------------------------------------------
     0 | D:1      | MrRokkomies the Vampire Necromancer began the quest for the Orb.
     0 | D:1      | Reached XP level 1. HP: 13/13 MP: 3/3
   650 | D:1      | Reached XP level 2. HP: 15/20 MP: 5/5
   659 | D:1      | Found a shattered altar of Ashenzari.
   755 | D:1      | Reached skill level 1 in Fighting
  1048 | D:1      | Reached skill level 5 in Necromancy
  1173 | D:1      | Reached XP level 3. HP: 11/26 MP: 2/6
  1377 | D:1      | Learned a level 1 spell: Animate Skeleton
  1381 | D:1      | Learned a level 3 spell: Vampiric Draining
  2147 | D:1      | Became a worshipper of Ashenzari the Shackled
  2328 | D:2      | Noticed Ijyb
  2339 | D:2      | Reached XP level 4. HP: 20/33 MP: 1/7
  2373 | D:2      | Killed Ijyb
  3801 | D:2      | Noticed Natasha
  3807 | D:2      | Killed Natasha
  3807 | D:2      | Reached skill level 6 in Necromancy
  3807 | D:2      | Reached XP level 5. HP: 24/39 MP: 2/8
  3965 | D:2      | Noticed Robin
  3967 | D:2      | Noticed Natasha
  3993 | D:2      | Killed Natasha
  4005 | D:2      | Noticed Natasha
  4024 | D:3      | HP: 2/40 [poisoned by Robin]
  4025 | D:3      | Succumbed to Robin's poison

Vault maps used:
D:1:      dpeg_arrival_castle, amethyst_killhole, kennysheep_minor_cross,
          solitary_fountain, nicolae_ashenzari_panopticon
D:2:      uniq_natasha, uniq_robin, uniq_iyjb
D:3:      first_bread, grunt_decor_resistance

Skill      XL: |  1  2  3  4 |
---------------+-------------+-----
Fighting       | 1 2 |  2.9
Necromancy     | 5 6 |  6.2
Dodging        | |  2.1
Stealth        | |  3.0
Spellcasting   | |  2.0

Action                   |  1- 3 |  4- 6 || total
-------------------------+-------+-------++-------
Melee: Dagger            |    46 |       ||    46
       Unarmed           |    12 |       ||    12
       Bite              |     6 |    12 ||    18
       Short sword       |    70 |    95 ||   165
 Cast: Pain              |    32 |    19 ||    51
       Vampiric Draining |       |     7 ||     7
       Animate Skeleton  |       |     2 ||     2
Invok: Curse Item        |     1 |       ||     1
  Use: Scroll            |       |     3 ||     3
       Potion            |       |     2 ||     2
 Stab: Sleeping          |     5 |     1 ||     6
  Eat: Corpse            |     2 |     3 ||     5
Armor: Robe              |    36 |    32 ||    68
Dodge: Dodged            |   100 |    91 ||   191
